AoeStats
← AiM | CyclopsTron

Arena

508784488Analyzed
4v4 RM · 7d ago on Sep 24, 2026· 42m 2s· 8 players
Game mode
Random Map
Map size
Large (8 player)
Population
200
Speed
Normal
Resources
Standard
Victory
Conquest
Starting age
Dark Age
Ending age
Imperial Age
RankedLock teamsTeams togetherTeam positionsShared explorationLock speedFull tech treeHidden civsTurbo modeCheats
Victory
Defeat
🇺🇸 Ethiopians · United States
1811
+9
🇲🇽 Khitans · Mexico
1700
+13
🇲🇽 Spanish · Mexico
1656
+15
🇲🇽 Poles · Mexico
1564
+18
🇹🇷 Japanese · Türkiye
1768
-19
🇻🇳 Magyars · Vietnam
1643
-14
🇻🇳 Gurjaras · Vietnam
1600
-12
🇧🇷 Vikings · Brazil
1531
-10
AiM | CyclopsTron
9:44 Feudal Age
14:24 Castle Age
13:01 Double-Bit Axe
14:49 Light Cavalry
17:52 Bow Saw
18:04 Loom
18:36 Domestication
19:18 Scale Barding Armor
19:52 Forging
20:53 Scale Barding Armor
23:36 Chain Barding Armor
25:38 Wheelbarrow
24:52 Town Watch
26:36 Iron Casting
29:17 Gold Mining
32:33 Imperial Age
30:16 Fortified Wall
30:35 Masonry
31:50 Hand Cart
31:27 Stone Mining
31:46 Fletching
32:22 Padded Archer Armor
32:45 Ballistics
32:03 Elite Skirmisher
33:04 Pastoralism
33:07 Bodkin Arrow
33:28 Leather Archer Armor
34:44 Chemistry
33:52 Husbandry
34:20 Bracer
35:08 Lamellar Armor
35:49 Ring Archer Armor
37:16 Conscription
38:54 Thumb Ring
40:15 Conscription
41:31 Hussar
Dapper Don
10:19 Feudal Age
11:43 Double-Bit Axe
14:03 Castle Age
11:52 Horse Collar
15:24 Bow Saw
16:05 Heavy Plow
17:09 Wheelbarrow
26:09 Imperial Age
24:01 Gold Mining
24:06 Loom
24:17 Fletching
25:18 Gold Shaft Mining
25:23 Bodkin Arrow
25:48 Hand Cart
25:53 Bodkin Arrow
25:52 Crossbowman
27:02 Ballistics
27:08 Bracer
28:27 Chemistry
27:43 Stone Mining
27:50 Capped Ram
28:35 Padded Archer Armor
28:44 Thumb Ring
28:28 Arbalester
29:33 Leather Archer Armor
29:56 Siege Ram
30:31 Town Watch
31:42 Masonry
32:09 Ring Archer Armor
32:52 Coinage
33:03 Stone Shaft Mining
32:53 Siege Engineers
33:37 Conscription
34:07 Architecture
33:33 Murder Holes
33:48 Fortified Wall
34:52 Banking
36:01 Torsion Engines
Crosnay
10:49 Feudal Age
14:55 Castle Age
12:46 Double-Bit Axe
15:51 Bow Saw
15:36 Gold Mining
15:28 Horse Collar
19:15 Loom
21:50 Padded Archer Armor
23:27 Wheelbarrow
23:39 Gold Mining
25:05 Leather Archer Armor
31:14 Imperial Age
29:50 Bloodlines
29:40 Husbandry
33:08 Ring Archer Armor
34:01 Chemistry
34:36 Conscription
34:23 Fletching
34:54 Ballistics
34:39 Town Watch
35:10 Guard Tower
37:08 Hand Cart
38:18 Cavalier
39:17 Scale Barding Armor
39:23 Forging
39:09 Bodkin Arrow
40:21 Chain Barding Armor
40:04 Paladin
Josh
4:00 Loom
10:12 Feudal Age
11:48 Horse Collar
11:55 Double-Bit Axe
13:39 Loom
16:31 Castle Age
16:12 Scale Barding Armor
16:29 Gold Mining
17:29 Bow Saw
18:59 Bloodlines
18:51 Husbandry
19:13 Chain Barding Armor
19:54 Forging
19:57 Heavy Plow
21:49 Szlachta Privileges
22:53 Wheelbarrow
34:33 Imperial Age
35:53 Iron Casting
34:43 Cavalier
35:45 Conscription
37:39 Blast Furnace
37:48 Town Watch
38:19 Hand Cart
39:54 Crop Rotation
Cadora
10:39 Feudal Age
14:49 Castle Age
13:21 Double-Bit Axe
13:19 Horse Collar
16:12 Bow Saw
20:12 Gold Mining
22:33 Heavy Plow
26:45 Imperial Age
24:50 Fletching
25:00 Padded Archer Armor
25:22 Ballistics
25:58 Bodkin Arrow
25:51 Loom
27:17 Crossbowman
28:56 Arbalester
31:21 Bracer
31:37 Leather Archer Armor
31:20 Town Watch
33:27 Gold Shaft Mining
33:40 Ring Archer Armor
34:19 Chemistry
37:02 Elite Skirmisher
39:23 Bogsveigar
40:46 Conscription
heybrowazzup
11:02 Feudal Age
15:04 Castle Age
13:05 Horse Collar
13:44 Double-Bit Axe
16:12 Bow Saw
20:36 Fletching
20:57 Loom
27:40 Wheelbarrow
27:09 Gold Mining
27:39 Heavy Plow
31:30 Imperial Age
29:05 Town Watch
30:06 Gold Shaft Mining
29:44 Bodkin Arrow
30:20 Hand Cart
31:18 Ballistics
31:33 Padded Archer Armor
32:33 Conscription
33:14 Chemistry
32:50 Parthian Tactics
32:45 Thumb Ring
32:45 Husbandry
32:56 Bloodlines
33:06 Heavy Cavalry Archer
33:48 Bracer
34:27 Leather Archer Armor
35:51 Town Patrol
37:01 Ring Archer Armor
38:03 Light Cavalry
38:49 Scale Barding Armor
38:54 Forging
38:49 Scale Barding Armor
38:54 Forging
40:17 Chain Barding Armor
40:57 Iron Casting
Viet Nam Strategy
10:39 Feudal Age
14:25 Castle Age
12:32 Double-Bit Axe
13:15 Horse Collar
13:39 Gold Mining
13:40 Stone Mining
15:13 Wheelbarrow
16:12 Bow Saw
20:05 Heavy Plow
24:26 Hand Cart
26:25 Scale Barding Armor
27:07 Loom
27:45 Forging
Eagles_SlGiap
10:54 Feudal Age
12:06 Double-Bit Axe
14:54 Castle Age
12:39 Horse Collar
15:25 Wheelbarrow
19:49 Loom
28:33 Imperial Age
27:18 Bloodlines
27:08 Husbandry
27:21 Scale Barding Armor
29:12 Chain Barding Armor
29:09 Masonry
28:40 Treadmill Crane
28:44 Cavalier
30:47 Plate Barding Armor
30:52 Paladin
31:56 Elite Skirmisher
32:31 Fletching
37:49 Hand Cart
Connection lost

Rejoining the realm…

Still unreachable

The connection could not be restored.

Session expired

The server has moved on; the page needs a fresh start.